 Dungeon Crawl Stone Soup version 0.29-a0-222-g5b244fca1f (webtiles) character file.

Game seed: 13274120330722918995

117 Inarius the Chopper (level 4, -3/35 HPs)
             Began as a Demonspawn Fighter on Feb 27, 2022.
             Slain by a scorpion (6 damage)
             ... on level 4 of the Dungeon.
             The game lasted 00:03:27 (3061 turns).

Inarius the Chopper (Demonspawn Fighter)            Turns: 3061, Time: 00:03:28

Health: -3/35      AC:  9    Str: 18    XL:     4   Next: 71%
Magic:  4/4        EV:  6    Int:  9    God:
Gold:   141        SH:  4    Dex: 13    Spells: 3/3 levels left

rFire   . . .      SeeInvis .   a - +0 war axe
rCold   . . .      Faith    .   c - +0 buckler
rNeg    . . .      Spirit   .   r - +0 chain mail
rPois   .          Reflect  .   (helmet restricted)
rElec   .          Harm     .   (no cloak)
rCorr   .          Rampage  .   (no gloves)
Will    .....                   (no boots)
Stlth   ..........              (no amulet)
HPRegen 0.11/turn               (no ring)
MPRegen 0.09/turn               (no ring)

@: lethally poisoned (-3 -> -18)
A: horns 1, demonic touch 2
a: no special abilities


You were on level 4 of the Dungeon.
You visited 1 branch of the dungeon, and saw 4 of its levels.

You collected 165 gold pieces.
You spent 24 gold pieces at shops.

Inventory:

Hand Weapons
 a - a +0 war axe (weapon)
 m - the +10 whip of Reinforcement {elec, Contam rCorr Stlth+}
   (You found it on level 2 of the Dungeon)

   It occasionally discharges a powerful burst of electricity upon striking a
   foe.
   Contam:    It causes magical contamination when unequipped.
   rCorr:     It protects you from acid and corrosion.
   Stlth:     It makes you more stealthy.
Armour
 c - a +0 buckler (worn)
 j - a +2 helmet
 r - a +0 chain mail (worn)
Wands
 n - a wand of acid (10)
Scrolls
 e - a scroll of enchant armour {unknown}
 h - 4 scrolls of immolation
 k - a scroll of silence {unknown}
Potions
 b - a potion of flight {unknown}
 d - a potion of might
 f - 2 potions of berserk rage
 g - a potion of brilliance
 i - 2 potions of curing
 l - 3 potions of mutation {unknown}
 o - a potion of heal wounds {unknown}
 p - a potion of resistance {unknown}
 q - a potion of attraction {unknown}


   Skills:
 + Level 3.4 Fighting
 * Level 3.5 Axes
 + Level 3.1 Armour
 + Level 3.1 Shields


You had 3 spell levels left.
You didn't know any spells.
Your spell library contained the following spells:

 Spells                   Type           Power      Damage    Failure   Level
 Slow                     Hex            0%         N/A       100%        1
 Confusing Touch          Hex            0%         N/A       100%        3
 Vampiric Draining        Necr           0%         2d6       100%        3


Dungeon Overview and Level Annotations

Branches:
Dungeon (4/15)
 Temple: D:4-7

Altars:

Shops:
D:2 ?


Innate Abilities, Weirdness & Mutations

You have a pair of small horns on your head.
Your touch may inflict irresistible damage on your foes.


Message History

No target in view!
Done exploring.
Done exploring.
Done exploring.
(D) Dungeon
Where to? (Enter - D:2 @ (x,y), ? - help)
There is a stone staircase leading down here.
You climb downwards.
There is a stone staircase leading up here.
A goblin comes into view. It is wielding a +0 dagger.
The goblin shouts!
A scorpion comes into view.
The goblin hits you but does no damage.
You barely miss the goblin. You headbutt the goblin.
You kill the goblin!
Things that are here:
a +0 dagger; a +0 hunting sling You hit the scorpion but do no damage.
The scorpion stings you.
You slash the scorpion! Your headbutt misses the scorpion.
The scorpion is heavily wounded.
The scorpion stings you. x2
You are poisoned.
The scorpion poisons you!
You barely miss the scorpion.
The scorpion is heavily wounded.
You feel very sick.
The scorpion stings you but does no damage.
You closely miss the scorpion.
The scorpion is heavily wounded.
You feel sick. The scorpion stings you. The scorpion stings you!
* * * LOW HITPOINT WARNING * * *
You are lethally poisoned!
The scorpion poisons you!
You barely miss the scorpion.
The scorpion is heavily wounded.
* * * LOW HITPOINT WARNING * * *
You feel very sick.
The scorpion stings you but does no damage.
The scorpion stings you.
You die...

#.# #.#
#<# #.#
#.#
#.###.###
#.......#
#.###.#.#
#@###
#s.#
#.##.#
#)..#
#....#
#.###.#
#.. # #..
#...


You could see a scorpion.

Vanquished Creatures
  Robin (D:2)
  2 adders
  A worm (D:3)
  5 dart slugs
  4 orcs (D:3)
  4 ball pythons
  6 bats
  4 endoplasms
  A giant cockroach (D:1)
  14 goblins
  11 hobgoblins
  2 quokkas
  4 frilled lizards
  2 kobolds
  5 rats
66 creatures vanquished.

Notes
Turn   | Place    | Note
-------+----------+-------------------------------------------
     0 | D:1      | Inarius the Demonspawn Fighter began the quest for the Orb.
     0 | D:1      | Reached XP level 1. HP: 18/18 MP: 1/1
    11 | D:1      | You fall into a shaft and drop 1 floor!
   192 | D:1      | Discovered your monstrous ancestry.
   192 | D:1      | Gained mutation: Your touch may inflict minor irresistible
                  | damage on your foes. [demonic ancestry]
   192 | D:1      | Reached XP level 2. HP: 17/24 MP: 2/2
   485 | D:1      | Found a faded altar of an unknown god.
   840 | D:1      | Gained mutation: Your touch may inflict irresistible damage
                  | on your foes. [demonic ancestry]
   840 | D:1      | Reached XP level 3. HP: 18/29 MP: 3/3
   959 | D:2      | Noticed Robin
  1115 | D:2      | Killed Robin
  1163 | D:2      | Found Vosutex's Magic Scroll Emporium.
  1167 | D:2      | Bought a scroll of identify for 24 gold pieces
  1328 | D:2      | Identified the +10 whip of Reinforcement {elec, Contam
                  | rCorr Stlth+}
  1757 | D:2      | Gained mutation: You have a pair of small horns on your
                  | head. [demonic ancestry]
  1757 | D:2      | Reached XP level 4. HP: 35/35 MP: 4/4
  2399 | D:3      | Noticed an orc warrior
  3051 | D:4      | Noticed a scorpion
  3061 | D:4      | Slain by a scorpion

Illustrated notes

Levels and vault maps discovered:
D:1:      elethiomel_arrival_quiet, layout_basic,
          hellmonk_ecumenical_altar_blasted
D:2:      layout_basic, serial_shops, nicolae_shop_crystal, uniq_robin
D:3:      layout_rooms
D:4:      layout_loops_ring, serial_shops, nicolae_square_shop,
          nicolae_wooded_promenade, columned_hall_lemuel,
          minmay_misc_feat_rugged, grunt_ministairs_9, minmay_misc_feat_hallway,
          serial_bayou_pond_a, minivault_27, cheibrodos_gnoll_hut, uniq_grinder,
          uniq_ijyb, uniq_menkaure

Skill      XL: |  1  2  3 |
---------------+----------+-----
Axes           | 2 3 |  3.5
Shields        | 3 |  3.1
Armour         | 3 |  3.1
Fighting       | |  3.4

Action                   |  1- 3 |  4- 6 || total
-------------------------+-------+-------++-------
Melee: War axe           |   101 |    60 ||   161
       Headbutt          |       |     3 ||     3
  Use: Scroll            |     3 |       ||     3
       Potion            |       |     1 ||     1
Armor: Scale mail        |    79 |    11 ||    90
       Chain mail        |       |    18 ||    18
Dodge: Dodged            |    72 |    28 ||   100
Block: Buckler           |    28 |     9 ||    37

Table legend: (Time is in decaauts)
 A = Elapsed time spent in this place.
 B = Non-inter-level travel time spent in this place.
 C = Inter-level travel time spent in this place.
 D = Time resting spent in this place.
 E = Time spent auto-exploring this place.
 F = Levels seen in this place.
 G = Mean time per level.
                   A        B        C        D        E       F      G
               +--------+--------+--------+--------+--------+-----+--------+
         Total |   3140 |   2982 |    158 |    582 |   1870 |   4 |  785.0 |
       Dungeon |   3140 |   2982 |    158 |    582 |   1870 |   4 |  785.0 |
               +--------+--------+--------+--------+--------+-----+--------+

Top non-repeatable levels by time:
     D:2: 1248 daAuts
     D:1: 1112 daAuts
     D:3: 760 daAuts
     D:4: 19 daAuts
